Mustangs vs Ice Dragons

Created - 8 décembre 2016 at 00:03

Goals
1 2 3 OT1 SO T
Mustangs 2 1 1 0 0 4
Ice Dragons 0 2 2 0 1 5
Shots
1 2 3 OT1 SO T
Mustangs 13 17 7 5 3 42
Ice Dragons 14 11 7 1 2 33

1st period

1. Mustangs , Ryan Keller 13 (Rick Schofield) at 4:04
2. Mustangs , Reilly Smith 13 (Eric Gryba, Eric Wellwood) at 9:48 (PP)

Penalties :
Brayden McNabb (Kin) for Tripping (Minor) at 9:41, Bradley Malone (Kin) for Hooking (Minor) at 15:20, Michael Latta (Kin) for Holding (Minor) at 17:37

2nd period

3. Ice Dragons , Petr Vrana 6 (Michael Latta, Nick Palmieri) at 3:11
4. Mustangs , Brandon Saad 4 (Jim O'Brien, Riley Nash) at 7:06
5. Ice Dragons , Troy Brouwer 11 (Nick Palmieri, Tyler Haskins) at 9:11

Penalties :
Nick Palmieri (Kin) for Tripping (Minor) at 0:47, Marcus Foligno (Ham) for High sticking (Minor) at 4:21, Marcus Foligno (Ham) for Diving (Minor) at 12:34, Kyle Bigos (Kin) for Hooking (Minor) at 19:49

3rd period

6. Ice Dragons , Tyler Haskins 4 (Brayden McNabb) at 7:33 (PP)
7. Ice Dragons , Troy Brouwer 12 (Nick Palmieri, Tyler Haskins) at 7:53 (PP)
8. Mustangs , Jerome Samson 3 (Riley Nash, Alexei Marchenko) at 19:11

Penalties :
Joe Finley (Ham) for Kneeing (Minor) at 7:12, Riley Armstrong (Ham) for Hooking (Minor) at 7:50, Brayden McNabb (Kin) for Hooking (Minor) at 11:33, J.T. Wyman (Ham) for Roughing (Minor) at 13:55, Kyle Bigos (Kin) for Holding (Minor) at 16:36

Overtime #1

No Goal

Penalties :
No Penalty

Shootout

Penalty Shot by Brandon Saad for Mustangs - Stopped by Justin Pogge
Penalty Shot by Nick Palmieri for Ice Dragons - Stopped by Peter Mannino
Penalty Shot by Reilly Smith for Mustangs - Stopped by Justin Pogge
Penalty Shot by Troy Brouwer for Ice Dragons - Goal!
Penalty Shot by Marcus Foligno for Mustangs - Shot Misses the Net

Penalties :
No Penalty

Goalie Stats

Peter Mannino (Ham), 29 saves from 33 shots - (0,879), OTL, 5-3-4, 64:54 minutes
Justin Pogge (Kin), 38 saves from 42 shots - (0,905), W, 7-10-0, 65:00 minutes

Players Stats for Mustangs

Player Name              G  A  P  +/- PIM S  H  SB GA TA FO     MP     PP MP  PK MP  
------------------------------------------------------------------------------------
Alexei Marchenko         0  1  1   0  0   1  0  0  0  0  0/0    12:17   0:00   0:00 
Brandon Saad             1  0  1   1  0   1  3  0  0  0  0/0    12:15   0:42   0:25 
Cameron Gaunce           0  0  0   0  0   1  3  5  0  0  0/0    30:42   6:58   4:13 
Eric Gryba               0  1  1   0  0   1  3  1  1  3  0/0    30:59   6:58   4:13 
Eric Wellwood            0  1  1   0  0   3  0  0  2  0  1/1    24:16   6:12   3:50 
J.T. Wyman               0  0  0   1  2   3  1  1  0  1  0/0    11:38   0:12   0:00 
Jerome Samson            1  0  1   0  0   4  1  0  1  3  0/0     7:16   0:00   0:00 
Jim O'Brien              0  1  1   1  0   4  0  0  1  1  4/8    13:36   0:00   1:12 
Joe Finley               0  0  0   1  2   0  3  2  1  0  0/0    22:10   5:03   2:08 
Joshua Leivo             0  0  0   0  0   1  2  0  0  0  0/0     7:16   0:00   0:00 
Marcus Foligno           0  0  0   0  4   2  3  0  0  0  0/0    16:59   5:32   0:27 
Mark Pysyk               0  0  0   1  0   2  0  1  1  0  0/0    22:11   5:03   2:08 
Reilly Smith             1  0  1   0  0   3  2  1  1  0  1/1    21:03   6:17   0:00 
Rick Schofield           0  1  1   0  0   3  2  0  0  0  8/12   18:37   5:32   1:39 
Riley Armstrong          0  0  0   0  2   5  0  0  0  0  25/41  24:22   6:04   3:30 
Riley Nash               0  2  2   0  0   2  0  0  0  0  2/2     7:16   0:00   0:00 
Ryan Keller              1  0  1   0  0   6  0  0  1  0  1/1    19:01   5:32   1:39 
Scott Mayfield           0  0  0   0  0   0  0  0  0  1  0/0    11:39   0:00   0:00 

Players Stats for Ice Dragons

Player Name              G  A  P  +/- PIM S  H  SB GA TA FO     MP     PP MP  PK MP  
------------------------------------------------------------------------------------
Alexander Urbom          0  0  0  -1  0   0  0  1  0  0  0/0    10:13   0:00   0:00 
Bradley Malone           0  0  0  -1  2   0  0  0  0  1  1/1     4:23   0:00   0:00 
Brandon Kozun            0  0  0   0  0   0  1  0  2  0  0/0    12:22   0:12   0:00 
Brayden McNabb           0  1  1  -1  4   2  2  3  1  0  0/0    26:36   3:18   5:49 
Ian Cole                 0  0  0  -1  0   2  2  3  2  2  0/0    31:31   3:18   6:55 
Joey Hishon              0  0  0  -1  0   0  0  0  0  0  0/0     3:38   0:44   0:00 
Jordan LaVallee          0  0  0   0  0   5  3  0  2  0  1/5    21:44   2:43   5:01 
Kyle Bigos               0  0  0   0  4   0  0  0  0  0  0/0     5:21   0:00   0:34 
Logan MacMillan          0  0  0  -1  0   0  0  0  0  0  0/0     4:22   0:00   0:00 
Marek Viedensky          0  0  0   0  0   1  0  0  0  0  2/7    15:49   0:12   3:30 
Michael Latta            0  1  1   1  2   3  0  1  0  0  5/9    16:07   2:57   0:31 
Nick Palmieri            0  3  3   0  2   6  0  1  0  1  3/12   26:59   2:54   5:17 
Petr Vrana               1  0  1   1  0   2  2  0  0  0  0/0    16:08   0:00   3:30 
Ryan Reaves              0  0  0   0  0   0  4  1  0  0  0/0    15:11   2:57   0:00 
Samuel Groulx            0  0  0  -1  0   0  0  0  0  1  0/0    11:28   0:00   0:52 
Slava Voynov             0  0  0   1  0   0  3  0  1  1  0/0    22:43   3:03   4:56 
Tomas Kudelka            0  0  0   1  0   2  1  1  0  2  0/0    22:43   3:03   4:56 
Troy Brouwer             2  0  2  -1  0   6  0  1  1  1  0/2    24:26   3:12   6:13 
Tyler Haskins            1  2  3  -1  0   4  0  0  0  0  12/30  16:08   3:12   0:00 

3 Stars

1 - Troy Brouwer (Kin)
2 - Tyler Haskins (Kin)
3 - Brandon Saad (Ham)

Power Play

Mustangs - 1 on 7 Attempt(s) - 14,29%
Ice Dragons - 2 on 6 Attempt(s) - 33,33%

Penalty Kill

Mustangs - 4 on 6 Attempt(s) - 66,67% - Score 0 goal in Penalty Kill
Ice Dragons - 6 on 7 Attempt(s) - 85,71% - Score 0 goal in Penalty Kill

Team Stat

Mustangs - Hits : 23 - Faceoff Wins : 42 - Blocked Shots : 11 - Penalty Minutes : 10
Ice Dragons - Hits : 18 - Faceoff Wins : 24 - Blocked Shots : 12 - Penalty Minutes : 14

Official

Referees : Sutherland Kelly and Fraser Kerry
Linesman : Steve Miller and Mark Pare

Game Notes

10:22 of 1st period - Penalty Shot by Cameron Gaunce for Mustangs - Shot Misses the Net

Finance

Level 1 -- Attendance: 1318 (65,90%) -- Ticket Income 46 130 $
Level 2 -- Attendance: 799 (79,90%) -- Ticket Income 11 985 $
Total Attendance: 2117 (70,57%)
Total Ticket Income: 58 115 $
Other Income: 2 906 $
Total Income: 61 021 $

Mustangs

5 vs 5 Forward 
   Center                   Left Wing                Right Wing               Time % Phy DF OF 
 1 Riley Armstrong          Eric Wellwood            Reilly Smith             40     0   2  3  
 2 Rick Schofield           Marcus Foligno           Ryan Keller              30     0   2  3  
 3 Jim O'Brien              Brandon Saad             J.T. Wyman               20     0   2  3  
 4 Riley Nash               Joshua Leivo             Jerome Samson            10     0   2  3  

5 vs 5 Defense 
   Defense                  Defense                                           Time % Phy DF OF 
 1 Eric Gryba               Cameron Gaunce                                    45     1   2  2  
 2 Joe Finley               Mark Pysyk                                        33     1   2  2  
 3 Alexei Marchenko         Scott Mayfield                                    22     1   2  2  
 4 Alexei Marchenko         Scott Mayfield                                    0      1   2  2  

PowerPlay Forward 
   Center                   Left Wing                Right Wing               Time % Phy DF OF 
 1 Riley Armstrong          Eric Wellwood            Reilly Smith             60     0   0  5  
 2 Rick Schofield           Marcus Foligno           Ryan Keller              40     0   0  5  

PowerPlay Defense
   Defense                  Defense                                           Time % Phy DF OF 
 1 Eric Gryba               Cameron Gaunce                                    60     0   1  4  
 2 Joe Finley               Mark Pysyk                                        40     0   1  4  

Penalty Kill 4 Players Forward 
   Center                   Wing                     Time % Phy DF OF 
 1 Riley Armstrong          Eric Wellwood            60     0   5  0  
 2 Rick Schofield           Ryan Keller              40     0   5  0  

Penalty Kill 4 Players Defense
   Defense                  Defense                  Time % Phy DF OF 
 1 Eric Gryba               Cameron Gaunce           60     1   4  0  
 2 Joe Finley               Mark Pysyk               40     1   4  0  

Penalty Kill - 3 Players Forward 
   Forward                                           Time % Phy DF OF 
 1 Eric Wellwood                                     60     0   5  0  
 2 Riley Armstrong                                   40     0   5  0  

Penalty Kill - 3 Players Defense
   Defense                  Defense                  Time % Phy DF OF 
 1 Eric Gryba               Cameron Gaunce           60     1   4  0  
 2 Joe Finley               Mark Pysyk               40     1   4  0  

4 vs 4 Forward 
   Center                   Wing                     Time % Phy DF OF 
 1 Riley Armstrong          Reilly Smith             60     0   1  4  
 2 Rick Schofield           Ryan Keller              40     0   1  4  

4 vs 4 Defense
   Defense                  Defense                  Time % Phy DF OF 
 1 Eric Gryba               Cameron Gaunce           60     0   2  3  
 2 Joe Finley               Mark Pysyk               40     0   2  3  

Last Minutes Offensive
   Center                   Left Wing                Right Wing               Defense                  Defense                  
   Riley Armstrong          Eric Wellwood            Reilly Smith             Joe Finley               Cameron Gaunce           

Last Minutes Defensive
   Center                   Left Wing                Right Wing               Defense                  Defense                  
   Rick Schofield           Marcus Foligno           Ryan Keller              Alexei Marchenko         Cameron Gaunce           

Goaltenders
Starting : Peter Mannino            
Backup : Chet Pickard             

Extra Forwards
Normal : Riley Armstrong, Marcus Foligno, Ryan Keller - PP : Brandon Saad, Eric Wellwood - PK : Eric Wellwood
Extra Defensemen
Normal : Eric Gryba, Joe Finley, Alexei Marchenko - PP : Cameron Gaunce - PK : Joe Finley, Mark Pysyk
Penalty Shots
Brandon Saad, Reilly Smith, Marcus Foligno, Eric Wellwood, Ryan Keller

Ice Dragons

5 vs 5 Forward 
   Center                   Left Wing                Right Wing               Time % Phy DF OF 
 1 Tyler Haskins            Troy Brouwer             Nick Palmieri            40     1   2  2  
 2 Michael Latta            Jordan LaVallee          Ryan Reaves              30     1   2  2  
 3 Marek Viedensky          Petr Vrana               Brandon Kozun            20     1   2  2  
 4 Bradley Malone           Logan MacMillan          Nick Palmieri            10     1   2  2  

5 vs 5 Defense 
   Defense                  Defense                                           Time % Phy DF OF 
 1 Ian Cole                 Brayden McNabb                                    40     1   2  2  
 2 Slava Voynov             Tomas Kudelka                                     30     1   2  2  
 3 Alexander Urbom          Samuel Groulx                                     20     1   2  2  
 4 Kyle Bigos               Ian Cole                                          10     1   2  2  

PowerPlay Forward 
   Center                   Left Wing                Right Wing               Time % Phy DF OF 
 1 Tyler Haskins            Troy Brouwer             Nick Palmieri            60     1   2  2  
 2 Michael Latta            Jordan LaVallee          Ryan Reaves              40     1   2  2  

PowerPlay Defense
   Defense                  Defense                                           Time % Phy DF OF 
 1 Ian Cole                 Brayden McNabb                                    60     1   2  2  
 2 Slava Voynov             Tomas Kudelka                                     40     1   2  2  

Penalty Kill 4 Players Forward 
   Center                   Wing                     Time % Phy DF OF 
 1 Nick Palmieri            Troy Brouwer             60     1   2  2  
 2 Jordan LaVallee          Petr Vrana               40     1   2  2  

Penalty Kill 4 Players Defense
   Defense                  Defense                  Time % Phy DF OF 
 1 Ian Cole                 Brayden McNabb           60     1   2  2  
 2 Slava Voynov             Tomas Kudelka            40     1   2  2  

Penalty Kill - 3 Players Forward 
   Forward                                           Time % Phy DF OF 
 1 Nick Palmieri                                     60     1   2  2  
 2 Troy Brouwer                                      40     1   2  2  

Penalty Kill - 3 Players Defense
   Defense                  Defense                  Time % Phy DF OF 
 1 Ian Cole                 Brayden McNabb           60     1   2  2  
 2 Slava Voynov             Tomas Kudelka            40     1   2  2  

4 vs 4 Forward 
   Center                   Wing                     Time % Phy DF OF 
 1 Nick Palmieri            Troy Brouwer             60     1   2  2  
 2 Jordan LaVallee          Petr Vrana               40     1   2  2  

4 vs 4 Defense
   Defense                  Defense                  Time % Phy DF OF 
 1 Ian Cole                 Brayden McNabb           60     1   2  2  
 2 Slava Voynov             Tomas Kudelka            40     1   2  2  

Last Minutes Offensive
   Center                   Left Wing                Right Wing               Defense                  Defense                  
   Tyler Haskins            Troy Brouwer             Nick Palmieri            Ian Cole                 Brayden McNabb           

Last Minutes Defensive
   Center                   Left Wing                Right Wing               Defense                  Defense                  
   Tyler Haskins            Troy Brouwer             Nick Palmieri            Ian Cole                 Brayden McNabb           

Goaltenders
Starting : Justin Pogge             
Backup : Harru Sateri             

Extra Forwards
Normal : Joey Hishon, Brandon Kozun, Marek Viedensky - PP : Joey Hishon, Brandon Kozun - PK : Marek Viedensky
Extra Defensemen
Normal : Alexander Urbom, Samuel Groulx, Kyle Bigos - PP : Alexander Urbom - PK : Samuel Groulx, Kyle Bigos
Penalty Shots
Nick Palmieri, Troy Brouwer, Jordan LaVallee, Petr Vrana, Tyler Haskins

% Time on Ice - Mustangs

Lines # - Real PCT - Wanted PCT - Time Play
Normal Forward
1 - 32% - 40% - 13:27
2 - 24% - 30% - 9:49
3 - 27% - 20% - 11:06
4 - 17% - 10% - 7:16
Normal Defense
1 - 42% - 45% - 17:18
2 - 31% - 33% - 13:01
3 - 27% - 22% - 11:19
4 - 0% - 0% - 0:00
PP Forward
1 - 54% - 60% - 6:29
2 - 46% - 40% - 5:32
PP Defense
1 - 58% - 60% - 6:58
2 - 42% - 40% - 5:03
PK Forward
1 - 74% - 60% - 4:42
2 - 26% - 40% - 1:39
PK Defense
1 - 66% - 60% - 4:13
2 - 34% - 40% - 2:08
PK3 Forward
1 - 0% - 60%
2 - 0% - 40%
PK3 Defense
1 - 0% - 60%
2 - 0% - 40%
44 Forward
1 - 68% - 60% - 3:23
2 - 32% - 40% - 1:37
44 Defense
1 - 56% - 60% - 2:47
2 - 44% - 40% - 2:13
Last Minute Offensive  - 0:00
Last Minute Defensive  - 0:00
Total
Forward - 65:00
Defense - 65:00

% Time on Ice - Ice Dragons

Lines # - Real PCT - Wanted PCT - Time Play
Normal Forward
1 - 34% - 40% - 13:54
2 - 30% - 30% - 12:30
3 - 26% - 20% - 10:37
4 - 11% - 10% - 4:22
Normal Defense
1 - 37% - 40% - 15:09
2 - 31% - 30% - 12:40
3 - 23% - 20% - 9:24
4 - 10% - 10% - 4:10
PP Forward
1 - 54% - 60% - 3:24
2 - 46% - 40% - 2:57
PP Defense
1 - 52% - 60% - 3:18
2 - 48% - 40% - 3:03
PK Forward
1 - 74% - 60% - 8:52
2 - 26% - 40% - 3:09
PK Defense
1 - 59% - 60% - 7:05
2 - 41% - 40% - 4:56
PK3 Forward
1 - 0% - 60%
2 - 0% - 40%
PK3 Defense
1 - 0% - 60%
2 - 0% - 40%
44 Forward
1 - 71% - 60% - 3:32
2 - 29% - 40% - 1:28
44 Defense
1 - 59% - 60% - 2:56
2 - 41% - 40% - 2:04
Last Minute Offensive  - 0:00
Last Minute Defensive  - 0:15
Total
Forward - 65:00
Defense - 65:00

Play by Play

1st period


0:01 of 1st period - Eric Wellwood wins face-off versus Tyler Haskins in neutral zone.
0:04 of 1st period - Snap shot by Riley Armstrong.
0:04 of 1st period - Shot Blocked by Ian Cole.
0:16 of 1st period - Wrist shot by Troy Brouwer.
0:16 of 1st period - Stopped by Peter Mannino with a rebound.
0:34 of 1st period - Off-side.
0:35 of 1st period - Marek Viedensky wins face-off versus Jim O'Brien in neutral zone.
1:06 of 1st period - Wrist shot by Nick Palmieri.
1:06 of 1st period - Shot Blocked by Joe Finley.
1:42 of 1st period - Alexander Urbom is hit by Joe Finley and loses puck.
2:25 of 1st period - Slapshot by Cameron Gaunce.
2:25 of 1st period - Stopped by Justin Pogge without a rebound.
2:26 of 1st period - Riley Nash wins face-off versus Michael Latta in Ice Dragons zone.
2:41 of 1st period - Eric Gryba is hit by Ryan Reaves and loses puck.
3:10 of 1st period - Wrist shot by Jordan LaVallee.
3:10 of 1st period - Deflect By Michael Latta.
3:10 of 1st period - Stopped by Peter Mannino without a rebound.
3:11 of 1st period - Riley Armstrong wins face-off versus Tyler Haskins in Mustangs zone.
3:18 of 1st period - Snap shot by Nick Palmieri.
3:18 of 1st period - Stopped by Peter Mannino without a rebound.
3:19 of 1st period - Riley Armstrong wins face-off versus Tyler Haskins in Mustangs zone.
3:48 of 1st period - Snap shot by Ryan Keller.
3:48 of 1st period - Stopped by Justin Pogge without a rebound.
3:49 of 1st period - Rick Schofield wins face-off versus Tyler Haskins in Ice Dragons zone.
4:04 of 1st period - Wrist shot by Ryan Keller.
4:04 of 1st period - Goal by Ryan Keller - Mustangs : 1 - Ice Dragons : 0.
4:05 of 1st period - Riley Armstrong wins face-off versus Tyler Haskins in neutral zone.
4:12 of 1st period - Wrist shot by Reilly Smith.
4:12 of 1st period - Stopped by Justin Pogge with a rebound.
4:32 of 1st period - Cameron Gaunce is hit by Brayden McNabb.
4:46 of 1st period - Ryan Keller is hit by Ian Cole and loses puck.
5:40 of 1st period - Slapshot by Troy Brouwer.
5:40 of 1st period - Stopped by Peter Mannino with a rebound.
6:57 of 1st period - Snap shot by Nick Palmieri.
6:57 of 1st period - Stopped by Peter Mannino with a rebound.
6:59 of 1st period - Snap shot by Troy Brouwer.
6:59 of 1st period - Shot Misses the Net.
7:01 of 1st period - Snap shot by Slava Voynov.
7:01 of 1st period - Shot Misses the Net.
7:03 of 1st period - Backhand shot by Tomas Kudelka.
7:03 of 1st period - Shot Misses the Net.
7:29 of 1st period - Wrist shot by Nick Palmieri.
7:29 of 1st period - Shot Misses the Net.
7:39 of 1st period - Wrist shot by Nick Palmieri.
7:39 of 1st period - Stopped by Peter Mannino with a rebound.
7:41 of 1st period - Snap shot by Nick Palmieri.
7:41 of 1st period - Stopped by Peter Mannino with a rebound.
7:43 of 1st period - Wrist shot by Tyler Haskins.
7:43 of 1st period - Shot Misses the Net.
8:07 of 1st period - Wrist shot by Nick Palmieri.
8:07 of 1st period - Stopped by Peter Mannino without a rebound.
8:08 of 1st period - Michael Latta wins face-off versus Riley Armstrong in Mustangs zone.
8:33 of 1st period - Brayden McNabb is hit by Marcus Foligno and loses puck.
9:41 of 1st period - Minor Penalty to Brayden McNabb for Tripping.
9:42 of 1st period - Riley Armstrong wins face-off versus Jordan LaVallee in Ice Dragons zone.
9:42 of 1st period - Snap shot by Reilly Smith.
9:42 of 1st period - Shot Misses the Net.
9:44 of 1st period - Wrist shot by Eric Gryba.
9:44 of 1st period - Deflect By Eric Wellwood.
9:44 of 1st period - Stopped by Justin Pogge with a rebound.
9:46 of 1st period - Slapshot by Eric Gryba.
9:46 of 1st period - Shot Misses the Net.
9:48 of 1st period - Snap shot by Reilly Smith.
9:48 of 1st period - Goal by Reilly Smith - Mustangs : 2 - Ice Dragons : 0.
9:49 of 1st period - Michael Latta wins face-off versus Riley Armstrong in neutral zone.
9:54 of 1st period - Slapshot by Michael Latta.
9:54 of 1st period - Shot Misses the Net.
9:56 of 1st period - Wrist shot by Jordan LaVallee.
9:56 of 1st period - Stopped by Peter Mannino with a rebound.
10:00 of 1st period - Wrist shot by Jordan LaVallee.
10:00 of 1st period - Stopped by Peter Mannino without a rebound.
10:01 of 1st period - Reilly Smith wins face-off versus Marek Viedensky in Mustangs zone.
10:14 of 1st period - Wrist shot by Marek Viedensky.
10:14 of 1st period - Shot Misses the Net.
10:16 of 1st period - Snap shot by Marek Viedensky.
10:16 of 1st period - Shot Misses the Net.
10:22 of 1st period - Penalty Shot by Cameron Gaunce for Mustangs.
10:22 of 1st period - Wrist shot by Cameron Gaunce.
10:22 of 1st period - Shot Misses the Net.
10:23 of 1st period - Bradley Malone wins face-off versus Rick Schofield in Mustangs zone.
10:28 of 1st period - Wrist shot by Nick Palmieri.
10:28 of 1st period - Shot Misses the Net.
11:42 of 1st period - Wrist shot by Jerome Samson.
11:42 of 1st period - Stopped by Justin Pogge without a rebound.
11:43 of 1st period - Rick Schofield wins face-off versus Michael Latta in Ice Dragons zone.
11:44 of 1st period - Snap shot by Ryan Keller.
11:44 of 1st period - Deflect By Rick Schofield.
11:44 of 1st period - Stopped by Justin Pogge with a rebound.
11:56 of 1st period - Wrist shot by Jordan LaVallee.
11:56 of 1st period - Shot Misses the Net.
11:58 of 1st period - Slapshot by Ryan Reaves.
11:58 of 1st period - Deflect By Rick Schofield.
11:58 of 1st period - Shot Misses the Net.
11:58 of 1st period - Puck is out of play.
11:59 of 1st period - Riley Armstrong wins face-off versus Tyler Haskins in Mustangs zone.
12:12 of 1st period - Snap shot by Nick Palmieri.
12:12 of 1st period - Shot Misses the Net.
12:14 of 1st period - Wrist shot by Brayden McNabb.
12:14 of 1st period - Stopped by Peter Mannino without a rebound.
12:15 of 1st period - Michael Latta wins face-off versus Rick Schofield in Mustangs zone.
12:20 of 1st period - Snap shot by Jordan LaVallee.
12:20 of 1st period - Stopped by Peter Mannino without a rebound.
12:21 of 1st period - Rick Schofield wins face-off versus Jordan LaVallee in Mustangs zone.
12:27 of 1st period - Off-side.
12:28 of 1st period - Riley Armstrong wins face-off versus Tyler Haskins in neutral zone.
12:42 of 1st period - Icing by Brayden McNabb.
12:43 of 1st period - Ryan Keller wins face-off versus Tyler Haskins in Ice Dragons zone.
13:08 of 1st period - Tyler Haskins is hit by Cameron Gaunce and loses puck.
13:15 of 1st period - Slapshot by Ian Cole.
13:15 of 1st period - Shot Blocked by Cameron Gaunce.
13:35 of 1st period - Reilly Smith is hit by Tomas Kudelka and loses puck.
13:52 of 1st period - Ryan Reaves is hit by Joe Finley and loses puck.
14:05 of 1st period - Wrist shot by Michael Latta.
14:05 of 1st period - Shot Blocked by Mark Pysyk.
14:19 of 1st period - Wrist shot by Marcus Foligno.
14:19 of 1st period - Stopped by Justin Pogge with a rebound.
14:43 of 1st period - Snap shot by Riley Armstrong.
14:43 of 1st period - Shot Blocked by Nick Palmieri.
14:47 of 1st period - Snap shot by Riley Armstrong.
14:47 of 1st period - Stopped by Justin Pogge without a rebound.
14:48 of 1st period - Riley Armstrong wins face-off versus Marek Viedensky in Ice Dragons zone.
15:20 of 1st period - Minor Penalty to Bradley Malone for Hooking.
15:21 of 1st period - Riley Armstrong wins face-off versus Nick Palmieri in Ice Dragons zone.
15:27 of 1st period - Slapshot by Eric Wellwood.
15:27 of 1st period - Stopped by Justin Pogge with a rebound.
15:29 of 1st period - Snap shot by Cameron Gaunce.
15:29 of 1st period - Shot Misses the Net.
15:31 of 1st period - Snap shot by Eric Wellwood.
15:31 of 1st period - Stopped by Justin Pogge without a rebound.
15:32 of 1st period - Riley Armstrong wins face-off versus Nick Palmieri in Ice Dragons zone.
15:57 of 1st period - Brayden McNabb is hit by Eric Gryba and loses puck.
16:22 of 1st period - Wrist shot by Jordan LaVallee.
16:22 of 1st period - Shot Misses the Net.
16:24 of 1st period - Slapshot by Tomas Kudelka.
16:24 of 1st period - Stopped by Peter Mannino with a rebound.
16:26 of 1st period - Snap shot by Petr Vrana.
16:26 of 1st period - Shot Misses the Net.
16:58 of 1st period - Nick Palmieri is hit by Reilly Smith and loses puck.
17:20 of 1st period - Penalty to Bradley Malone is over, Bradley Malone is back on ice.
17:35 of 1st period - Wrist shot by J.T. Wyman.
17:35 of 1st period - Shot Blocked by Ryan Reaves.
17:37 of 1st period - Minor Penalty to Michael Latta for Holding.
17:38 of 1st period - Riley Armstrong wins face-off versus Nick Palmieri in Ice Dragons zone.
17:49 of 1st period - Snap shot by Eric Wellwood.
17:49 of 1st period - Shot Blocked by Troy Brouwer.
17:51 of 1st period - Wrist shot by Riley Armstrong.
17:51 of 1st period - Stopped by Justin Pogge with a rebound.
18:01 of 1st period - Ian Cole is hit by Cameron Gaunce and loses puck.
18:20 of 1st period - Slapshot by Petr Vrana.
18:20 of 1st period - Shot Misses the Net.
18:22 of 1st period - Slapshot by Jordan LaVallee.
18:22 of 1st period - Stopped by Peter Mannino without a rebound.
18:23 of 1st period - Jordan LaVallee wins face-off versus Riley Armstrong in Mustangs zone.
18:44 of 1st period - Troy Brouwer is hit by Cameron Gaunce and loses puck.
19:37 of 1st period - Penalty to Michael Latta is over, Michael Latta is back on ice.
Goals for this period are 2 for Mustangs vs 0 for Ice Dragons.
Shots for this period are 13 for Mustangs vs 14 for Ice Dragons.

2nd period


0:01 of 2nd period - Tyler Haskins wins face-off versus Riley Armstrong in neutral zone.
0:15 of 2nd period - Icing by Eric Gryba.
0:16 of 2nd period - Riley Armstrong wins face-off versus Michael Latta in Mustangs zone.
0:16 of 2nd period - Riley Armstrong is hit by Ryan Reaves.
0:19 of 2nd period - Eric Wellwood is hit by Jordan LaVallee and loses puck.
0:28 of 2nd period - Snap shot by Michael Latta.
0:28 of 2nd period - Stopped by Peter Mannino without a rebound.
0:29 of 2nd period - Tyler Haskins wins face-off versus Rick Schofield in Mustangs zone.
0:30 of 2nd period - Snap shot by Troy Brouwer.
0:30 of 2nd period - Shot Blocked by Cameron Gaunce.
0:40 of 2nd period - Slapshot by Marcus Foligno.
0:40 of 2nd period - Shot Misses the Net.
0:42 of 2nd period - Snap shot by Rick Schofield.
0:42 of 2nd period - Stopped by Justin Pogge with a rebound.
0:47 of 2nd period - Minor Penalty to Nick Palmieri for Tripping.
0:48 of 2nd period - Riley Armstrong wins face-off versus Marek Viedensky in Ice Dragons zone.
0:48 of 2nd period - Wrist shot by Eric Wellwood.
0:48 of 2nd period - Shot Blocked by Ian Cole.
2:38 of 2nd period - Ryan Keller is hit by Petr Vrana and loses puck.
2:47 of 2nd period - Penalty to Nick Palmieri is over, Nick Palmieri is back on ice.
2:59 of 2nd period - Slapshot by Riley Nash.
2:59 of 2nd period - Stopped by Justin Pogge with a rebound.
3:07 of 2nd period - Wrist shot by Petr Vrana.
3:07 of 2nd period - Shot Misses the Net.
3:09 of 2nd period - Slapshot by Michael Latta.
3:09 of 2nd period - Stopped by Peter Mannino with a rebound.
3:11 of 2nd period - Slapshot by Petr Vrana.
3:11 of 2nd period - Goal by Petr Vrana - Mustangs : 2 - Ice Dragons : 1.
3:12 of 2nd period - Tyler Haskins wins face-off versus Jim O'Brien in neutral zone.
3:46 of 2nd period - Icing by Michael Latta.
3:47 of 2nd period - Michael Latta wins face-off versus Riley Armstrong in Ice Dragons zone.
4:09 of 2nd period - Icing by Joe Finley.
4:10 of 2nd period - Tyler Haskins wins face-off versus Rick Schofield in Mustangs zone.
4:19 of 2nd period - Snap shot by Troy Brouwer.
4:19 of 2nd period - Shot Blocked by Joe Finley.
4:21 of 2nd period - Minor Penalty to Marcus Foligno for High sticking.
4:22 of 2nd period - Riley Armstrong wins face-off versus Tyler Haskins in Mustangs zone.
4:35 of 2nd period - Snap shot by Riley Armstrong.
4:35 of 2nd period - Stopped by Justin Pogge with a rebound.
4:47 of 2nd period - Cameron Gaunce is hit by Jordan LaVallee and loses puck.
4:54 of 2nd period - Snap shot by Michael Latta.
4:54 of 2nd period - Shot Blocked by Cameron Gaunce.
6:20 of 2nd period - Ryan Keller is hit by Ian Cole and loses puck.
6:21 of 2nd period - Penalty to Marcus Foligno is over, Marcus Foligno is back on ice.
6:45 of 2nd period - Marek Viedensky is hit by Jerome Samson and loses puck.
7:02 of 2nd period - Wrist shot by Jim O'Brien.
7:02 of 2nd period - Stopped by Justin Pogge with a rebound.
7:04 of 2nd period - Wrist shot by Jim O'Brien.
7:04 of 2nd period - Shot Hit the Post.
7:06 of 2nd period - Wrist shot by Brandon Saad.
7:06 of 2nd period - Goal by Brandon Saad - Mustangs : 3 - Ice Dragons : 1.
7:07 of 2nd period - Riley Armstrong wins face-off versus Tyler Haskins in neutral zone.
7:18 of 2nd period - Snap shot by Nick Palmieri.
7:18 of 2nd period - Shot Misses the Net.
7:20 of 2nd period - Snap shot by Nick Palmieri.
7:20 of 2nd period - Stopped by Peter Mannino with a rebound.
8:08 of 2nd period - Marek Viedensky is hit by Brandon Saad and loses puck.
8:19 of 2nd period - Snap shot by Marek Viedensky.
8:19 of 2nd period - Stopped by Peter Mannino with a rebound.
8:21 of 2nd period - Snap shot by Tomas Kudelka.
8:21 of 2nd period - Stopped by Peter Mannino without a rebound.
8:22 of 2nd period - Riley Armstrong wins face-off versus Troy Brouwer in Mustangs zone.
8:33 of 2nd period - Wrist shot by Tyler Haskins.
8:33 of 2nd period - Stopped by Peter Mannino with a rebound.
8:48 of 2nd period - Reilly Smith is hit by Ryan Reaves and loses puck.
8:57 of 2nd period - Slapshot by Reilly Smith.
8:57 of 2nd period - Stopped by Justin Pogge without a rebound.
8:58 of 2nd period - Rick Schofield wins face-off versus Tyler Haskins in Ice Dragons zone.
9:11 of 2nd period - Snap shot by Troy Brouwer.
9:11 of 2nd period - Goal by Troy Brouwer - Mustangs : 3 - Ice Dragons : 2.
9:12 of 2nd period - Riley Armstrong wins face-off versus Tyler Haskins in neutral zone.
10:24 of 2nd period - Wrist shot by J.T. Wyman.
10:24 of 2nd period - Deflect By Ian Cole.
10:24 of 2nd period - Stopped by Justin Pogge without a rebound.
10:25 of 2nd period - Jim O'Brien wins face-off versus Troy Brouwer in Ice Dragons zone.
10:28 of 2nd period - Wrist shot by Jim O'Brien.
10:28 of 2nd period - Stopped by Justin Pogge without a rebound.
10:29 of 2nd period - Jim O'Brien wins face-off versus Tyler Haskins in Ice Dragons zone.
11:28 of 2nd period - Jim O'Brien is hit by Jordan LaVallee and loses puck.
11:37 of 2nd period - Snap shot by Jim O'Brien.
11:37 of 2nd period - Deflect By J.T. Wyman.
11:37 of 2nd period - Stopped by Justin Pogge with a rebound.
11:39 of 2nd period - Slapshot by Alexei Marchenko.
11:39 of 2nd period - Stopped by Justin Pogge with a rebound.
11:41 of 2nd period - Wrist shot by Jim O'Brien.
11:41 of 2nd period - Stopped by Justin Pogge without a rebound.
11:42 of 2nd period - Riley Armstrong wins face-off versus Tyler Haskins in Ice Dragons zone.
11:43 of 2nd period - Slapshot by Eric Wellwood.
11:43 of 2nd period - Shot Blocked by Brayden McNabb.
12:07 of 2nd period - Ian Cole is hit by Marcus Foligno and loses puck.
12:12 of 2nd period - Snap shot by Marcus Foligno.
12:12 of 2nd period - Deflect By Ian Cole.
12:12 of 2nd period - Shot Misses the Net.
12:12 of 2nd period - Puck is out of play.
12:13 of 2nd period - Rick Schofield wins face-off versus Jordan LaVallee in Ice Dragons zone.
12:22 of 2nd period - Snap shot by Ryan Keller.
12:22 of 2nd period - Shot Misses the Net.
12:34 of 2nd period - Minor Penalty to Marcus Foligno for Diving.
12:35 of 2nd period - Tyler Haskins wins face-off versus Riley Armstrong in Mustangs zone.
12:38 of 2nd period - Snap shot by Troy Brouwer.
12:38 of 2nd period - Shot Misses the Net.
12:42 of 2nd period - Wrist shot by Troy Brouwer.
12:42 of 2nd period - Shot Misses the Net.
12:44 of 2nd period - Slapshot by Ian Cole.
12:44 of 2nd period - Shot Blocked by Cameron Gaunce.
12:46 of 2nd period - Wrist shot by Tyler Haskins.
12:46 of 2nd period - Stopped by Peter Mannino without a rebound.
12:47 of 2nd period - Nick Palmieri wins face-off versus Riley Armstrong in Mustangs zone.
13:33 of 2nd period - Icing by Jordan LaVallee.
13:34 of 2nd period - Riley Armstrong wins face-off versus Tyler Haskins in Ice Dragons zone.
13:57 of 2nd period - Rick Schofield is hit by Ryan Reaves and loses puck.
14:29 of 2nd period - Snap shot by Rick Schofield.
14:29 of 2nd period - Stopped by Justin Pogge without a rebound.
14:30 of 2nd period - Tyler Haskins wins face-off versus Riley Armstrong in Ice Dragons zone.
14:34 of 2nd period - Penalty to Marcus Foligno is over, Marcus Foligno is back on ice.
15:24 of 2nd period - Slapshot by Riley Nash.
15:24 of 2nd period - Shot Blocked by Alexander Urbom.
15:26 of 2nd period - Snap shot by Scott Mayfield.
15:26 of 2nd period - Shot Misses the Net.
15:28 of 2nd period - Wrist shot by Joshua Leivo.
15:28 of 2nd period - Stopped by Justin Pogge without a rebound.
15:29 of 2nd period - Riley Armstrong wins face-off versus Marek Viedensky in Ice Dragons zone.
15:40 of 2nd period - Snap shot by Riley Armstrong.
15:40 of 2nd period - Stopped by Justin Pogge without a rebound.
15:41 of 2nd period - Riley Armstrong wins face-off versus Tyler Haskins in Ice Dragons zone.
15:44 of 2nd period - Snap shot by Riley Armstrong.
15:44 of 2nd period - Stopped by Justin Pogge with a rebound.
15:54 of 2nd period - Wrist shot by Troy Brouwer.
15:54 of 2nd period - Stopped by Peter Mannino without a rebound.
15:55 of 2nd period - Riley Armstrong wins face-off versus Tyler Haskins in Mustangs zone.
16:00 of 2nd period - Snap shot by Tyler Haskins.
16:00 of 2nd period - Stopped by Peter Mannino with a rebound.
17:40 of 2nd period - Petr Vrana is hit by Rick Schofield.
17:56 of 2nd period - Troy Brouwer is hit by Brandon Saad and loses puck.
18:01 of 2nd period - Snap shot by J.T. Wyman.
18:01 of 2nd period - Shot Misses the Net.
18:09 of 2nd period - Slapshot by J.T. Wyman.
18:09 of 2nd period - Shot Misses the Net.
18:25 of 2nd period - Wrist shot by Jordan LaVallee.
18:25 of 2nd period - Shot Misses the Net.
19:02 of 2nd period - Eric Gryba is hit by Brandon Kozun and loses puck.
19:15 of 2nd period - Snap shot by Ryan Keller.
19:15 of 2nd period - Shot Misses the Net.
19:17 of 2nd period - Snap shot by Ryan Keller.
19:17 of 2nd period - Stopped by Justin Pogge with a rebound.
19:19 of 2nd period - Snap shot by Mark Pysyk.
19:19 of 2nd period - Deflect By Petr Vrana.
19:19 of 2nd period - Stopped by Justin Pogge with a rebound.
19:49 of 2nd period - Minor Penalty to Kyle Bigos for Hooking.
19:50 of 2nd period - Nick Palmieri wins face-off versus Riley Armstrong in Ice Dragons zone.
Goals for this period are 1 for Mustangs vs 2 for Ice Dragons.
Shots for this period are 17 for Mustangs vs 11 for Ice Dragons.

3rd period


0:01 of 3rd period - Nick Palmieri wins face-off versus Riley Armstrong in neutral zone.
0:04 of 3rd period - Slapshot by Brayden McNabb.
0:04 of 3rd period - Shot Blocked by Reilly Smith.
1:49 of 3rd period - Penalty to Kyle Bigos is over, Kyle Bigos is back on ice.
1:49 of 3rd period - Marek Viedensky is hit by Marcus Foligno and loses puck.
3:24 of 3rd period - Joshua Leivo is hit by Petr Vrana and loses puck.
3:50 of 3rd period - Snap shot by Ryan Keller.
3:50 of 3rd period - Shot Blocked by Michael Latta.
4:02 of 3rd period - Ryan Reaves is hit by Eric Gryba and loses puck.
4:21 of 3rd period - Snap shot by Nick Palmieri.
4:21 of 3rd period - Shot Blocked by J.T. Wyman.
4:56 of 3rd period - Slava Voynov is hit by Eric Gryba and loses puck.
5:19 of 3rd period - Bradley Malone is hit by Brandon Saad and loses puck.
5:48 of 3rd period - Jordan LaVallee is hit by Reilly Smith.
6:23 of 3rd period - Ryan Reaves is hit by J.T. Wyman and loses puck.
6:38 of 3rd period - Slava Voynov is hit by Joshua Leivo and loses puck.
6:49 of 3rd period - Jordan LaVallee is hit by Joshua Leivo and loses puck.
7:12 of 3rd period - Minor Penalty to Joe Finley for Kneeing.
7:13 of 3rd period - Tyler Haskins wins face-off versus Riley Armstrong in Mustangs zone.
7:25 of 3rd period - Icing by Troy Brouwer.
7:26 of 3rd period - Tyler Haskins wins face-off versus Riley Armstrong in Ice Dragons zone.
7:33 of 3rd period - Wrist shot by Tyler Haskins.
7:33 of 3rd period - Goal by Tyler Haskins - Mustangs : 3 - Ice Dragons : 3.
7:34 of 3rd period - Tyler Haskins wins face-off versus Riley Armstrong in neutral zone.
7:50 of 3rd period - Minor Penalty to Riley Armstrong for Hooking.
7:51 of 3rd period - Tyler Haskins wins face-off versus Jim O'Brien in Mustangs zone.
7:51 of 3rd period - Wrist shot by Nick Palmieri.
7:51 of 3rd period - Shot Misses the Net.
7:53 of 3rd period - Wrist shot by Troy Brouwer.
7:53 of 3rd period - Goal by Troy Brouwer - Mustangs : 3 - Ice Dragons : 4.
7:54 of 3rd period - Tyler Haskins wins face-off versus Riley Armstrong in neutral zone.
8:03 of 3rd period - Eric Wellwood is hit by Brayden McNabb and loses puck.
8:08 of 3rd period - Snap shot by Troy Brouwer.
8:08 of 3rd period - Shot Misses the Net.
8:10 of 3rd period - Slapshot by Ian Cole.
8:10 of 3rd period - Deflect By Reilly Smith.
8:10 of 3rd period - Stopped by Peter Mannino without a rebound.
8:11 of 3rd period - Rick Schofield wins face-off versus Jordan LaVallee in Mustangs zone.
8:41 of 3rd period - Snap shot by Troy Brouwer.
8:41 of 3rd period - Shot Blocked by Eric Gryba.
10:43 of 3rd period - Snap shot by Troy Brouwer.
10:43 of 3rd period - Stopped by Peter Mannino without a rebound.
10:44 of 3rd period - Tyler Haskins wins face-off versus Riley Armstrong in Mustangs zone.
10:48 of 3rd period - Icing by Cameron Gaunce.
10:49 of 3rd period - Michael Latta wins face-off versus Riley Armstrong in Mustangs zone.
10:50 of 3rd period - Slapshot by Jordan LaVallee.
10:50 of 3rd period - Stopped by Peter Mannino with a rebound.
10:52 of 3rd period - Backhand shot by Ian Cole.
10:52 of 3rd period - Shot Blocked by Cameron Gaunce.
11:02 of 3rd period - Snap shot by Reilly Smith.
11:02 of 3rd period - Shot Blocked by Brayden McNabb.
11:33 of 3rd period - Minor Penalty to Brayden McNabb for Hooking.
11:34 of 3rd period - Rick Schofield wins face-off versus Nick Palmieri in Ice Dragons zone.
11:44 of 3rd period - Snap shot by Marcus Foligno.
11:44 of 3rd period - Stopped by Justin Pogge with a rebound.
13:33 of 3rd period - Penalty to Brayden McNabb is over, Brayden McNabb is back on ice.
13:38 of 3rd period - Samuel Groulx is hit by Joe Finley and loses puck.
13:52 of 3rd period - Icing by Samuel Groulx.
13:53 of 3rd period - Jim O'Brien wins face-off versus Nick Palmieri in Ice Dragons zone.
13:55 of 3rd period - Minor Penalty to J.T. Wyman for Roughing.
13:56 of 3rd period - Riley Armstrong wins face-off versus Tyler Haskins in Mustangs zone.
14:35 of 3rd period - Slapshot by Joe Finley.
14:35 of 3rd period - Shot Blocked by Tomas Kudelka.
15:55 of 3rd period - Penalty to J.T. Wyman is over, J.T. Wyman is back on ice.
16:01 of 3rd period - Snap shot by Petr Vrana.
16:01 of 3rd period - Stopped by Peter Mannino with a rebound.
16:36 of 3rd period - Minor Penalty to Kyle Bigos for Holding.
16:37 of 3rd period - Riley Armstrong wins face-off versus Nick Palmieri in Ice Dragons zone.
17:48 of 3rd period - Brayden McNabb is hit by Rick Schofield and loses puck.
18:27 of 3rd period - Slapshot by Ian Cole.
18:27 of 3rd period - Stopped by Peter Mannino with a rebound.
18:36 of 3rd period - Penalty to Kyle Bigos is over, Kyle Bigos is back on ice.
18:41 of 3rd period - Snap shot by Riley Nash.
18:41 of 3rd period - Shot Misses the Net.
18:43 of 3rd period - Wrist shot by Riley Nash.
18:43 of 3rd period - Stopped by Justin Pogge without a rebound.
18:44 of 3rd period - Riley Nash wins face-off versus Michael Latta in Ice Dragons zone.
19:05 of 3rd period - Mustangs, Peter Mannino is pulled from the net.
19:07 of 3rd period - Snap shot by Riley Nash.
19:07 of 3rd period - Deflect By Jerome Samson.
19:07 of 3rd period - Stopped by Justin Pogge with a rebound.
19:09 of 3rd period - Snap shot by Jerome Samson.
19:09 of 3rd period - Stopped by Justin Pogge with a rebound.
19:11 of 3rd period - Wrist shot by Jerome Samson.
19:11 of 3rd period - Goal by Jerome Samson - Mustangs : 4 - Ice Dragons : 4.
19:11 of 3rd period - Peter Mannino from Mustangs was sent back in the game.
19:12 of 3rd period - Jim O'Brien wins face-off versus Marek Viedensky in neutral zone.
19:19 of 3rd period - Wrist shot by Jim O'Brien.
19:19 of 3rd period - Stopped by Justin Pogge without a rebound.
19:20 of 3rd period - Marek Viedensky wins face-off versus Jim O'Brien in Ice Dragons zone.
19:31 of 3rd period - Snap shot by J.T. Wyman.
19:31 of 3rd period - Stopped by Justin Pogge with a rebound.
19:45 of 3rd period - Wrist shot by Jim O'Brien.
19:45 of 3rd period - Shot Misses the Net.
Goals for this period are 1 for Mustangs vs 2 for Ice Dragons.
Shots for this period are 7 for Mustangs vs 7 for Ice Dragons.

Overtime #1


0:01 of 1st overtime period - Riley Armstrong wins face-off versus Nick Palmieri in neutral zone.
0:07 of 1st overtime period - Slapshot by Eric Gryba.
0:07 of 1st overtime period - Stopped by Justin Pogge without a rebound.
0:08 of 1st overtime period - Riley Armstrong wins face-off versus Nick Palmieri in Ice Dragons zone.
1:23 of 1st overtime period - Wrist shot by Brayden McNabb.
1:23 of 1st overtime period - Deflect By Joe Finley.
1:23 of 1st overtime period - Stopped by Peter Mannino with a rebound.
1:25 of 1st overtime period - Slapshot by Brayden McNabb.
1:25 of 1st overtime period - Shot Misses the Net.
2:32 of 1st overtime period - Joe Finley is hit by Slava Voynov and loses puck.
3:46 of 1st overtime period - Alexei Marchenko is hit by Slava Voynov and loses puck.
4:07 of 1st overtime period - Snap shot by Ryan Keller.
4:07 of 1st overtime period - Stopped by Justin Pogge without a rebound.
4:08 of 1st overtime period - Rick Schofield wins face-off versus Nick Palmieri in Ice Dragons zone.
4:09 of 1st overtime period - Wrist shot by Ryan Keller.
4:09 of 1st overtime period - Shot Blocked by Brayden McNabb.
4:11 of 1st overtime period - Snap shot by Ryan Keller.
4:11 of 1st overtime period - Shot Misses the Net.
4:13 of 1st overtime period - Slapshot by Alexei Marchenko.
4:13 of 1st overtime period - Shot Blocked by Ian Cole.
4:15 of 1st overtime period - Snap shot by Ryan Keller.
4:15 of 1st overtime period - Stopped by Justin Pogge with a rebound.
4:17 of 1st overtime period - Slapshot by Ryan Keller.
4:17 of 1st overtime period - Stopped by Justin Pogge with a rebound.
4:19 of 1st overtime period - Snap shot by Mark Pysyk.
4:19 of 1st overtime period - Stopped by Justin Pogge with a rebound.
4:56 of 1st overtime period - Rick Schofield is hit by Slava Voynov and loses puck.
Goals for this period are 0 for Mustangs vs 0 for Ice Dragons.
Shots for this period are 5 for Mustangs vs 1 for Ice Dragons.

ShootOut


5:00 of 1st overtime period - Penalty Shot by Brandon Saad for Mustangs.
5:00 of 1st overtime period - Wrist shot by Brandon Saad.
5:00 of 1st overtime period - Stopped by Justin Pogge.
5:00 of 1st overtime period - Penalty Shot by Nick Palmieri for Ice Dragons.
5:00 of 1st overtime period - Wrist shot by Nick Palmieri.
5:00 of 1st overtime period - Stopped by Peter Mannino.
5:00 of 1st overtime period - Penalty Shot by Reilly Smith for Mustangs.
5:00 of 1st overtime period - Deke by Reilly Smith.
5:00 of 1st overtime period - Stopped by Justin Pogge.
5:00 of 1st overtime period - Penalty Shot by Troy Brouwer for Ice Dragons.
5:00 of 1st overtime period - Wrist shot by Troy Brouwer.
5:00 of 1st overtime period - Goal by Troy Brouwer.
5:00 of 1st overtime period - Penalty Shot by Marcus Foligno for Mustangs.
5:00 of 1st overtime period - Backhand shot by Marcus Foligno.
5:00 of 1st overtime period - Shot Misses the Net.